[Event "Titled Tuesday Blitz July 4 Late 2023"]
[White "WindWhistler11"]
[Black "micke12a"]
[WhiteElo "2523"]
[BlackElo "2386"]
[Result "0-1"]
[Round "9"]
[TimeControl "180+2"]
[Date "2023.07.04"]
[WhiteClock "0:00:21"]
[BlackClock "0:00:32"]
[Board "71"]

1. Nf3 Nf6 2. g3 c5 3. Bg2 d5 4. c4 d4 5. e3 Nc6 6. exd4 cxd4 7. O-O g6 8. d3 Bg7 9. Na3 O-O 10. Nc2 a5 11. b3 Nd7 12. Ba3 Re8 13. Re1 Qb6 14. Ng5 h6 15. Ne4 Nf6 16. c5 Qc7 17. Nd2 Bf5 18. Nc4 Nd7 19. b4 axb4 20. Nxb4 Rxa3 21. Nd5 Qd8 22. Nxa3 Nxc5 23. Be4 Bxe4 24. dxe4 d3 25. Rb1 Nd4 26. Nf4 Qa5 27. Nb5 Nxb5 28. Nxd3 Nc3 29. Qd2 Nxd3 30. Qxd3 Nxb1 0-1


[Site "https://www.chess.com"]

[Event "Titled Tuesday Blitz July 4 Late 2023"]
[White "Hajiyev, Kanan"]
[Black "Kanyamarala, Trisha"]
[WhiteFideId "13404148"]
[BlackFideId "45004722"]
[WhiteElo "2515"]
[BlackElo "2385"]
[Result "1-0"]
[Round "9"]
[TimeControl "180+2"]
[Date "2023.07.04"]
[WhiteClock "0:00:28"]
[BlackClock "0:00:08"]
[Board "72"]

1. d4 Nf6 2. c4 e6 3. Nf3 d5 4. cxd5 exd5 5. Nc3 Bb4 6. Qc2 O-O 7. Bf4 c6 8. e3 Nbd7 9. Bd3 Re8 10. O-O Qe7 11. a3 Ba5 12. b4 Bb6 13. Na4 Ne4 14. Nc5 Ndf6 15. Ne5 Bc7 16. f3 Nxc5 17. bxc5 h6 18. Rfe1 Nh5 19. a4 Nxf4 20. exf4 Qf6 21. g3 Be6 22. Kg2 b6 23. Nxc6 bxc5 24. dxc5 Bh3+ 25. Kxh3 Qxc6 26. Rxe8+ Rxe8 27. Bb5 Qe6+ 28. f5 Qe5 29. Bxe8 Qxa1 30. Qd3 h5 31. Qxd5 Qf6 32. c6 h4 33. f4 hxg3 34. hxg3 Qe7 35. Qd7 Kf8 36. Qxe7+ Kxe7 37. Bd7 Kd6 38. Be8 Ke7 39. Bd7 a5 40. Kg4 Kd6 41. Kg5 Bd8+ 42. Kh5 Bc7 43. g4 Kc5 44. Be8 Bxf4 45. Bxf7 Kxc6 46. Kg6 Be5 47. g5 Kc5 48. Be8 Kb4 49. f6 gxf6 50. gxf6 Bxf6 51. Kxf6 Kc5 52. Bb5 Kb6 53. Ke5 Ka7 54. Kd5 Kb6 55. Kc4 Kc7 56. Kc5 Kb7 57. Bc4 Ka7 58. Kb5 Kb7 59. Kxa5 Kc6 60. Bb5+ Kb7 61. Kb4 Ka7 62. a5 Ka8 63. Kc5 Kb8 64. Kb6 Ka8 65. a6 Kb8 66. a7+ Kc8 67. a8=Q# 1-0


[Site "https://www.chess.com"]

[Event "Titled Tuesday Blitz July 4 Late 2023"]
[White "Camacho Collados, Marcos"]
[Black "ElenGajger"]
[WhiteFideId "2266237"]
[WhiteElo "2513"]
[BlackElo "2384"]
[Result "0-1"]
[Round "9"]
[TimeControl "180+2"]
[Date "2023.07.04"]
[WhiteClock "0:00:00"]
[BlackClock "0:00:05"]
[Board "73"]

1. Nf3 Nf6 2. g3 g6 3. Bg2 Bg7 4. O-O O-O 5. d3 d5 6. Nbd2 Nc6 7. e4 e5 8. Re1 Re8 9. exd5 Nxd5 10. c3 h6 11. a4 b6 12. Nc4 Bb7 13. a5 Nxa5 14. Nxa5 bxa5 15. Rxa5 Nb6 16. Nxe5 Bxg2 17. Kxg2 Qd6 18. Bf4 g5 19. Qh5 Re7 20. Nxf7 Qc6+ 21. Re4 Rxf7 22. Be3 Nd5 23. Bxa7 Nf6 24. Qg6 Qb7 25. Bd4 Rxa5 26. Bxf6 Rxf6 27. Qe8+ Rf8 28. Qe6+ Kh8 29. f3 Raf5 30. Re3 Qxb2+ 31. Kh3 Qb1 32. Kg4 Qb6 33. Re4 Qxe6 34. Rxe6 Rxf3 35. Kh5 Rxd3 36. h4 gxh4 37. g4 Rd5+ 38. Kxh4 Rd6 39. Re7 Bxc3 40. Kh5 Bg7 41. Re1 Rd5+ 42. Kh4 Re5 43. Rf1 Rxf1 0-1


[Site "https://www.chess.com"]

[Event "Titled Tuesday Blitz July 4 Late 2023"]
[White "el_sporco"]
[Black "lagarto93"]
[WhiteElo "2358"]
[BlackElo "2496"]
[Result "1-0"]
[Round "9"]
[TimeControl "180+2"]
[Date "2023.07.04"]
[WhiteClock "0:00:03"]
[BlackClock "0:00:00"]
[Board "74"]

1. e4 e6 2. d4 d5 3. Nc3 Nf6 4. e5 Nfd7 5. f4 c5 6. Nf3 Nc6 7. Be3 cxd4 8. Nxd4 Bc5 9. Qd2 O-O 10. O-O-O a6 11. Qf2 Nxd4 12. Bxd4 b6 13. Bd3 Bb7 14. Ne2 Rc8 15. Kb1 b5 16. Nc1 b4 17. Nb3 Bxd4 18. Qxd4 a5 19. Qa7 Bc6 20. Qxa5 Qh4 21. g3 Qg4 22. Qxb4 Rb8 23. Qd6 Ba4 24. Nd4 Rb6 25. Qa3 Ra8 26. Qe7 Rbb8 27. b3 Nb6 28. f5 Bd7 29. fxe6 Bxe6 30. Rhf1 Na4 31. Nxe6 fxe6 32. Kc1 Nc3 33. Qf7+ Kh8 34. Rd2 Nxa2+ 35. Kb1 Nc3+ 36. Kb2 Qd4 37. Ba6 Qxd2 38. Bb7 Qd4 39. Bxa8 Na4+ 40. Ka3 Qb2+ 41. Kxa4 Rxa8+ 42. Kb5 1-0


[Site "https://www.chess.com"]

[Event "Titled Tuesday Blitz July 4 Late 2023"]
[White "Eggleston, Thomas A"]
[Black "Horcajuelo Rocamora, Martin"]
[WhiteFideId "412139"]
[BlackFideId "24573027"]
[WhiteElo "2361"]
[BlackElo "2495"]
[Result "1-0"]
[Round "9"]
[TimeControl "180+2"]
[Date "2023.07.04"]
[WhiteClock "0:00:03"]
[BlackClock "0:00:44"]
[Board "75"]

1. e4 c5 2. Nf3 e6 3. g3 Nc6 4. Bg2 Nge7 5. O-O g6 6. d4 cxd4 7. Nxd4 Bg7 8. Nb5 O-O 9. c4 b6 10. N1c3 Ba6 11. Nd6 Nc8 12. Nxc8 Qxc8 13. Nb5 Bxb5 14. cxb5 Nd4 15. e5 Rb8 16. Qxd4 Qc5 17. Qxc5 bxc5 18. a4 Bxe5 19. Bf4 Bxf4 20. gxf4 d5 21. Rfc1 Rfc8 22. Rc2 c4 23. Rac1 a6 24. bxa6 Rb6 25. b3 Rxb3 26. a7 Ra8 27. Rxc4 Rxa7 28. Rd4 Kg7 29. Ra1 Ra5 30. Bf1 Kf6 31. Rdd1 Rb4 32. Bb5 Rxf4 33. Rac1 h5 34. Rc7 Kg5 35. Rd3 h4 36. h3 d4 37. Kg2 e5 38. Rf3 f5 39. Rxf4 Kxf4 40. Rh7 g5 41. Rd7 g4 42. hxg4 fxg4 43. Kg1 g3 44. fxg3+ hxg3 45. Rf7+ Ke3 46. Rg7 Kf3 47. Bc6+ Ke2 48. Rxg3 d3 49. Bb5 e4 50. Rg2+ Ke1 51. Rf2 e3 52. Rf1+ Kd2 53. Kg2 e2 54. Rf2 Ke3 55. Rf3+ Kd2 56. Rxd3+ Kc1 57. Re3 Kd1 58. Rxe2 1-0


[Site "https://www.chess.com"]

[Event "Titled Tuesday Blitz July 4 Late 2023"]
[White "Liu, Casper"]
[Black "kripri"]
[WhiteFideId "1454153"]
[WhiteElo "2485"]
[BlackElo "2345"]
[Result "0-1"]
[Round "9"]
[TimeControl "180+2"]
[Date "2023.07.04"]
[WhiteClock "0:00:51"]
[BlackClock "0:00:25"]
[Board "76"]

1. e4 c6 2. e5 d5 3. d4 c5 4. Bb5+ Nc6 5. c3 Bf5 6. Nd2 e6 7. Ngf3 h6 8. Nf1 Ne7 9. Ng3 Bg6 10. O-O Nf5 11. Nxf5 Bxf5 12. Bd3 Bxd3 13. Qxd3 Be7 14. a4 O-O 15. a5 cxd4 16. cxd4 Nxa5 17. Qb5 b6 18. Bd2 Nc4 19. Bb4 Bxb4 20. Qxb4 Qd7 21. b3 Na5 22. h4 Rac8 23. g4 Rc7 24. h5 Rfc8 25. g5 Rc3 26. Kg2 hxg5 27. Nxg5 Qd8 28. f4 Rc2+ 29. Kg3 Nc6 30. Qa4 Ne7 31. Kg4 Nf5 32. Rf3 Rg2+ 33. Kh3 Rcc2 34. Rh1 Rxg5 35. fxg5 Qxg5 36. Qe8+ Kh7 37. Qxf7 Qh4# 0-1


[Site "https://www.chess.com"]

[Event "Titled Tuesday Blitz July 4 Late 2023"]
[White "Bullen, Alex"]
[Black "Avila Rodriguez, Joshua Ad"]
[WhiteFideId "1801627"]
[BlackFideId "5126444"]
[WhiteElo "2312"]
[BlackElo "2468"]
[Result "0-1"]
[Round "9"]
[TimeControl "180+2"]
[Date "2023.07.04"]
[WhiteClock "0:00:00"]
[BlackClock "0:00:04"]
[Board "77"]

1. d4 Nf6 2. Nf3 d5 3. c4 e6 4. g3 Be7 5. Bg2 O-O 6. O-O c6 7. Qc2 a5 8. Rd1 b6 9. Bf4 Ba6 10. Nbd2 Nbd7 11. b3 b5 12. Ne5 Nxe5 13. dxe5 Nd7 14. cxd5 cxd5 15. Nf3 Rc8 16. Qd2 Bb4 17. Qe3 Bc5 18. Qd3 Qb6 19. e3 Ba3 20. Ng5 g6 21. Qe2 b4 22. Qg4 h6 23. Nf3 Kg7 24. h4 f5 25. exf6+ Nxf6 26. Be5 Kh7 27. Bxf6 Rxf6 28. Ne5 Qc7 29. f4 Bb2 30. Rab1 Bxe5 31. fxe5 Qxe5 32. Kh2 Rc2 33. Rbc1 h5 34. Qh3 Rxa2 35. Rc6 Be2 36. Rdc1 Bf3 37. Rc7+ Kh6 38. R7c2 Rxc2 39. Rxc2 Qxe3 40. Bxf3 Rxf3 41. Qg2 Qxb3 42. Re2 Rf6 43. Qg1 Qc3 44. Re3 Qd4 45. Qe1 Qg4 46. Qd2 Rf3 47. Rxf3+ Kg7 48. Re3 d4 49. Rd3 e5 50. Qd1 e4 51. Qxg4 hxg4 52. Rxd4 b3 53. Rxe4 b2 54. Re1 a4 0-1


[Site "https://www.chess.com"]

[Event "Titled Tuesday Blitz July 4 Late 2023"]
[White "Osmonbekov, Talaibek"]
[Black "Ladan, Nicholas"]
[WhiteFideId "2017253"]
[BlackFideId "30918855"]
[WhiteElo "2182"]
[BlackElo "2463"]
[Result "0-1"]
[Round "9"]
[TimeControl "180+2"]
[Date "2023.07.04"]
[WhiteClock "0:00:00"]
[BlackClock "0:00:11"]
[Board "78"]

1. d4 d5 2. Bf4 c5 3. e3 Nc6 4. Nc3 cxd4 5. exd4 Qb6 6. Nb5 e5 7. dxe5 Bc5 8. Nd6+ Kf8 9. Bg3 Qxb2 10. Bd3 Bg4 11. Ne2 Nxe5 12. Rb1 Nxd3+ 13. cxd3 Qxe2+ 14. Qxe2 Bxe2 15. Kxe2 b6 16. d4 Bxd6 17. Bxd6+ Ke8 18. Rhc1 Kd7 19. Be5 f6 20. Rc7+ Ke6 21. Bg3 Ne7 22. Kd3 Ng6 23. h4 h5 24. Rxg7 Kf5 25. Rb5 Rhd8 26. Kd2 Nf4 27. Rb3 Nxg2 28. Rf3+ Ke6 29. Rg6 Rf8 0-1


[Site "https://www.chess.com"]

[Event "Titled Tuesday Blitz July 4 Late 2023"]
[White "Gardezi, Arsal"]
[Black "Sun, Rick"]
[WhiteFideId "30949521"]
[BlackFideId "30909481"]
[WhiteElo "2245"]
[BlackElo "2579"]
[Result "1-0"]
[Round "9"]
[TimeControl "180+2"]
[Date "2023.07.04"]
[WhiteClock "0:00:22"]
[BlackClock "0:00:03"]
[Board "79"]

1. e4 d6 2. d4 Nf6 3. Nc3 Nbd7 4. Nf3 e5 5. h3 Be7 6. Be3 c6 7. Be2 Qc7 8. O-O b5 9. a3 O-O 10. Qd2 Re8 11. d5 Bb7 12. dxc6 Bxc6 13. Bd3 a6 14. Rfe1 Nc5 15. Bg5 Rac8 16. Nh4 Ne6 17. Nf5 Kh8 18. Nxe7 Qxe7 19. Be3 Qb7 20. f3 d5 21. exd5 Nxd5 22. Nxd5 Bxd5 23. Qf2 Qe7 24. Qg3 Nf8 25. b4 Ng6 26. Bc5 Qe6 27. Qg5 h6 28. Qf5 Rc6 29. Qxe6 Rexe6 30. Bf5 Rf6 31. Bxg6 Rxg6 32. Rxe5 Bxf3 33. g4 Rcf6 34. Bd4 Rf4 35. Be3 Rc4 36. Rf1 Be4 37. Rxf7 Kh7 38. Rf8 Bxc2 39. Ree8 Rd6 40. Rh8+ Kg6 41. Reg8 Rd1+ 42. Kf2 Be4 43. Rxh6+ Kf7 44. Rhh8 Rc2+ 45. Kg3 Kg6 46. Rh6+ Kf7 47. Rhh8 Kg6 48. Re8 Rf1 49. Rxe4 Rc3 50. Rhe8 Kh7 51. R8e7 Rc2 52. Kh4 Rh1 53. Bd4 Rch2 54. Rxg7+ Kh6 55. Re6# 1-0


[Site "https://www.chess.com"]

[Event "Titled Tuesday Blitz July 4 Late 2023"]
[White "Pinheiro, Iung Alicio de O."]
[Black "Herman, Daniel"]
[WhiteFideId "2104350"]
[BlackFideId "30935008"]
[WhiteElo "2570"]
[BlackElo "2410"]
[Result "0-1"]
[Round "9"]
[TimeControl "180+2"]
[Date "2023.07.04"]
[WhiteClock "0:00:00"]
[BlackClock "0:00:08"]
[Board "80"]

1. e4 Nc6 2. Nf3 d6 3. h3 g6 4. Nc3 Bg7 5. d4 Nf6 6. Be3 e5 7. dxe5 dxe5 8. Qxd8+ Kxd8 9. O-O-O+ Bd7 10. Ng5 Ke8 11. Bc4 Rf8 12. f4 h6 13. Nf3 Nh5 14. Nd5 Rc8 15. Bc5 Rh8 16. f5 gxf5 17. exf5 Bxf5 18. g4 Be4 19. Rhf1 Bxd5 20. Bxd5 Nf4 21. Be4 Rd8 22. Rde1 f6 23. Nh4 Bf8 24. Bxc6+ bxc6 25. Bxf8 Kxf8 26. Rxf4 exf4 27. Ng6+ Kg7 28. Nxh8 Kxh8 29. Rf1 Rd4 30. c3 Re4 31. Kd2 Kg7 32. Rf3 Kg6 33. Kd3 Ra4 34. a3 Kg5 35. c4 c5 36. Kc3 Ra6 37. Kd3 Re6 38. b4 cxb4 39. axb4 f5 40. gxf5 Kxf5 41. Kd4 Rd6+ 42. Kc5 Ke4 43. Rf1 f3 44. Re1+ Kf4 45. Re7 f2 46. Rxc7 Rf6 47. Rd7 f1=Q 48. Rd4+ Ke3 49. Rd5 Qf4 50. Kb5 Qe4 51. Kc5 Rb6 52. b5 Kf3 53. Rd7 Qe3+ 54. Kb4 Rf6 55. Rd5 Qe1+ 56. Kc5 Kg3 57. Rd3+ Kh4 58. Rd5 Qf2+ 59. Kb4 Rf3 60. b6 axb6 61. Kb5 Qb2+ 62. Kc6 Rc3 63. Rd4+ Kxh3 64. Kd5 Qb4 65. Re4 Qc5+ 66. Ke6 Rxc4 67. Re5 Qd4 68. Rd5 Qxd5+ 69. Kxd5 Rc5+ 70. Kd4 h5 71. Ke4 h4 0-1


[Site "https://www.chess.com"]

[Event "Titled Tuesday Blitz July 4 Late 2023"]
[White "Silva Lucena, Cristian"]
[Black "Jaskolka, Tomasz"]
[WhiteFideId "2232588"]
[BlackFideId "1170791"]
[WhiteElo "2406"]
[BlackElo "2557"]
[Result "0-1"]
[Round "9"]
[TimeControl "180+2"]
[Date "2023.07.04"]
[WhiteClock "0:00:17"]
[BlackClock "0:00:09"]
[Board "81"]

1. Nf3 d5 2. e3 c6 3. c4 Nf6 4. Nc3 Bg4 5. h3 Bxf3 6. Qxf3 e6 7. b3 Nbd7 8. Bb2 Be7 9. Qg3 O-O 10. Be2 Qb8 11. f4 Rd8 12. O-O Ne8 13. cxd5 cxd5 14. Bd3 Bf6 15. Qg4 g6 16. Rac1 Ng7 17. Ba1 a6 18. Rc2 Qd6 19. Rfc1 Rac8 20. Kh2 Rc6 21. e4 dxe4 22. Nxe4 Qxd3 23. Nxf6+ Nxf6 24. Bxf6 Rxc2 25. Rxc2 Qxc2 26. Bxd8 Qxd2 27. Bf6 Qxa2 28. Be5 f6 29. Bxf6 Qxb3 30. Be5 Qd5 31. Qh4 Qd7 32. Qf2 b5 33. Qb6 Qc8 34. Qa7 Nf5 35. Qb6 Kf7 36. Qa7+ Ne7 37. Bd6 Qe8 38. Bb4 Kf6 39. Qd4+ Kf7 40. Bc3 Qf8 41. Qd6 Ke8 42. Qxe6 Qxf4+ 43. Kh1 Qc1+ 44. Be1 Qc6 45. Qe5 Qd5 46. Qb8+ Kf7 47. Qf4+ Qf5 48. Qe3 h5 49. Bc3 Qe6 50. Qd4 Nf5 51. Qa7+ Ke8 52. Qb8+ Kd7 53. Qb7+ Ke8 54. Qb8+ Ke7 55. Ba5 Qd6 56. Bc7 Qd7 57. Be5 h4 58. Qh8 Ng3+ 59. Kh2 Qe6 60. Qg7+ Kd8 61. Qh8+ Kd7 62. Qg7+ Kc6 63. Qc7+ Kd5 64. Bxg3 hxg3+ 65. Qxg3 Qe5 66. Qxe5+ Kxe5 67. Kg1 b4 68. Kf2 b3 69. Ke2 b2 70. Kd2 b1=Q 0-1


[Site "https://www.chess.com"]

[Event "Titled Tuesday Blitz July 4 Late 2023"]
[White "Vlassov, Nikolai"]
[Black "Melikhov, Evgeny V."]
[WhiteFideId "4103360"]
[BlackFideId "4122046"]
[WhiteElo "2553"]
[BlackElo "2406"]
[Result "1-0"]
[Round "9"]
[TimeControl "180+2"]
[Date "2023.07.04"]
[WhiteClock "0:00:05"]
[BlackClock "0:00:05"]
[Board "82"]

1. e4 e5 2. Bc4 Nf6 3. d3 Nc6 4. Nf3 Bc5 5. Bg5 d6 6. Nc3 Be6 7. Nd2 h6 8. Bh4 g5 9. Bg3 a6 10. h4 g4 11. h5 Qd7 12. Bh4 Nxh5 13. Nd5 Bxd5 14. exd5 Nd4 15. c3 Nf5 16. Qxg4 Nxh4 17. Rxh4 Qxg4 18. Rxg4 O-O-O 19. g3 f5 20. Rg6 Rdg8 21. Rxg8+ Rxg8 22. Ke2 Nf6 23. Rh1 Ng4 24. f3 Nf2 25. Rh2 Rxg3 26. Rxf2 Bxf2 27. Kxf2 Rg5 28. f4 exf4 29. Nf3 Rg4 30. d4 h5 31. Bd3 Rg3 32. Bxf5+ Kb8 33. Nh4 c6 34. dxc6 bxc6 35. Ng2 Rg5 36. Be6 Rg6 37. Nxf4 Rf6 38. Kg3 h4+ 39. Kf3 Kc7 40. Bh3 c5 41. Kg4 Rf8 42. Ne6+ Kb6 43. Nxf8 cxd4 44. cxd4 1-0


[Site "https://www.chess.com"]

[Event "Titled Tuesday Blitz July 4 Late 2023"]
[White "D`Arruda, Ricardo D."]
[Black "Arnold, Ken"]
[WhiteFideId "100692"]
[BlackFideId "2056836"]
[WhiteElo "2549"]
[BlackElo "2394"]
[Result "0-1"]
[Round "9"]
[TimeControl "180+2"]
[Date "2023.07.04"]
[WhiteClock "0:00:51"]
[BlackClock "0:00:13"]
[Board "83"]

1. d4 d5 2. Nf3 c6 3. c4 Nf6 4. Nc3 dxc4 5. a4 e6 6. e3 b6 7. Bxc4 Bb7 8. O-O Be7 9. Qe2 O-O 10. Rd1 Qc8 11. e4 Re8 12. Bg5 h6 13. Bh4 Nbd7 14. e5 Nd5 15. Bxe7 Nxc3 16. bxc3 Rxe7 17. Rac1 Nf8 18. Bd3 c5 19. Be4 Rc7 20. d5 exd5 21. Bxd5 Bxd5 22. Rxd5 Qe8 23. Qb5 Re7 24. Rcd1 Ng6 25. Qxe8+ Raxe8 26. g3 Kf8 27. Rd7 a6 28. R1d6 Rxd7 29. Rxd7 Nxe5 30. Nxe5 Rxe5 31. a5 bxa5 32. Ra7 Re1+ 33. Kg2 Rc1 34. Rxa6 Rxc3 35. Rxa5 Ke7 36. Ra6 h5 37. h4 g6 38. Kf1 Rc2 39. Ke1 c4 40. Rc6 c3 41. Rc7+ Ke6 42. Rc6+ Ke5 43. Rc7 f6 44. Rc6 Kf5 45. Rc4 g5 46. Rc5+ Kg4 47. Rc6 gxh4 48. gxh4 f5 49. Rc4+ Kf3 50. Rc5 Rc1# 0-1


[Site "https://www.chess.com"]

[Event "Titled Tuesday Blitz July 4 Late 2023"]
[White "Romero Arzuaga, Yudel"]
[Black "a-z30"]
[WhiteFideId "3521010"]
[WhiteElo "2377"]
[BlackElo "2477"]
[Result "1-0"]
[Round "9"]
[TimeControl "180+2"]
[Date "2023.07.04"]
[WhiteClock "0:00:14"]
[BlackClock "0:00:00"]
[Board "84"]

1. d4 d6 2. Nf3 Nf6 3. Bf4 c6 4. e3 Nbd7 5. Nbd2 Nh5 6. Bg5 h6 7. Bh4 g5 8. Bg3 Nxg3 9. hxg3 Bg7 10. Be2 d5 11. c3 Qb6 12. Qb3 e5 13. dxe5 Nxe5 14. Nxe5 Bxe5 15. Nf3 Bg7 16. Qc2 Be6 17. Bd3 O-O-O 18. O-O-O Kb8 19. Nd4 c5 20. Nxe6 fxe6 21. Kb1 e5 22. Be2 e4 23. c4 dxc4 24. Bxc4 a6 25. Bb3 Qc6 26. a4 Ka7 27. a5 Qb5 28. Qc4 Qxa5 29. Qxe4 Qb6 30. Qc2 Rxd1+ 31. Rxd1 Rc8 32. Bc4 Qb4 33. Rd7 Rc6 34. Rxg7 Qe1+ 35. Ka2 Rb6 36. Qc3 Qxf2 37. Bd5 Qe2 38. e4 Qf2 39. Rf7 Qxg2 40. Bxb7 1-0


[Site "https://www.chess.com"]

[Event "Titled Tuesday Blitz July 4 Late 2023"]
[White "Luong Phuong Hanh"]
[Black "Cluke86"]
[WhiteFideId "12401013"]
[WhiteElo "2469"]
[BlackElo "2326"]
[Result "0-1"]
[Round "9"]
[TimeControl "180+2"]
[Date "2023.07.04"]
[WhiteClock "0:00:00"]
[BlackClock "0:00:08"]
[Board "85"]

1. d4 d6 2. Nf3 Nd7 3. e4 e5 4. dxe5 dxe5 5. Bc4 Be7 6. O-O Ngf6 7. Nc3 c6 8. Be3 Ng4 9. Bd2 Qc7 10. Ng5 Bxg5 11. Bxg5 Ngf6 12. f4 h6 13. Bxf6 Nxf6 14. Kh1 O-O 15. f5 b5 16. Bb3 b4 17. Ne2 Nxe4 18. Qe1 Qe7 19. Ng1 Nf6 20. Nf3 e4 21. Nd2 c5 22. Nc4 Bb7 23. Ne3 Rad8 24. Rd1 Rxd1 25. Qxd1 Rd8 26. Qe2 Rd6 27. Rd1 Qd7 28. Rxd6 Qxd6 29. h3 Ba6 30. Qe1 Nh5 31. Kg1 Qd4 32. c3 bxc3 33. Qxc3 Nf4 34. Kh2 Ne2 35. Qxd4 cxd4 36. Ng4 Nc1 37. Bd5 e3 38. Kg3 e2 39. Kf2 Nd3+ 40. Kxe2 Nf4+ 41. Kf3 Nxd5 42. Ke4 Nb4 43. Kxd4 Nxa2 44. f6 h5 45. Ne5 gxf6 46. Nc6 Bb7 47. Nxa7 Bxg2 48. h4 Nb4 49. Nb5 Nc6+ 50. Ke3 Kg7 51. Nd6 Bd5 52. Kf4 Kg6 53. Ne8 Nd4 54. b4 Ne6+ 55. Kg3 Kf5 56. b5 Ke5 57. b6 Bb7 58. Kf2 f5 59. Ke3 f4+ 60. Kf2 f3 61. Kg3 Ke4 62. Nd6+ Ke3 0-1


[Site "https://www.chess.com"]

[Event "Titled Tuesday Blitz July 4 Late 2023"]
[White "Haitin, Ilja"]
[Black "Mickiewicz, Piotr"]
[WhiteFideId "4501764"]
[BlackFideId "1114891"]
[WhiteElo "2341"]
[BlackElo "2433"]
[Result "0-1"]
[Round "9"]
[TimeControl "180+2"]
[Date "2023.07.04"]
[WhiteClock "0:00:00"]
[BlackClock "0:00:31"]
[Board "86"]

1. Nf3 Nf6 2. b3 g6 3. Bb2 Bg7 4. e3 O-O 5. d4 c5 6. Be2 d5 7. O-O Ne4 8. c4 Nc6 9. Nc3 cxd4 10. Nxe4 d3 11. Bxg7 dxe2 12. Qxe2 dxe4 13. Bxf8 exf3 14. Qxf3 Qxf8 15. h4 h5 16. a3 Bg4 17. Qf4 e5 18. Qf6 Qd8 19. Qxd8+ Rxd8 20. f3 Be6 21. Rfd1 Rxd1+ 22. Rxd1 a5 23. Rc1 Kf8 24. Kf2 Ke7 25. Ke2 f5 26. Kd3 Kd6 27. Kc3 f4 28. exf4 exf4 29. b4 axb4+ 30. axb4 Ne7 31. Rd1+ Kc7 32. Kd4 Nf5+ 33. Ke5 Bxc4 34. Rc1 b5 35. Kxf4 Nxh4 36. g3 Nf5 37. g4 hxg4 38. fxg4 Ne7 39. Kg5 Kd6 40. Kf6 Nd5+ 41. Kxg6 Nxb4 42. g5 Nd3 43. Rb1 Ne5+ 44. Kg7 Bd3 45. Rb4 Ke6 46. Kh6 Nf7+ 47. Kh5 Be2+ 48. Kg6 Ne5+ 49. Kh6 Bd3 50. Rb3 Kf7 0-1


[Site "https://www.chess.com"]

[Event "Titled Tuesday Blitz July 4 Late 2023"]
[White "Gerbelli Neto, Eduardo"]
[Black "Ai, Evan"]
[WhiteFideId "2103281"]
[BlackFideId "2094770"]
[WhiteElo "2324"]
[BlackElo "2432"]
[Result "0-1"]
[Round "9"]
[TimeControl "180+2"]
[Date "2023.07.04"]
[WhiteClock "0:00:47"]
[BlackClock "0:00:47"]
[Board "87"]

1. e4 e5 2. Nf3 Nc6 3. d4 exd4 4. Bc4 Nf6 5. O-O Be7 6. e5 Ne4 7. Re1 Nc5 8. Nxd4 O-O 9. Nf5 d5 10. Nxe7+ Nxe7 11. Be3 Ne6 12. Bd3 c5 13. c3 Qc7 14. f4 d4 15. Bd2 c4 16. Be4 d3 17. Na3 Rd8 18. Qh5 g6 19. Qh6 Nc5 20. Bf3 Be6 21. Nb5 Qb6 22. Nd6 Rxd6 23. exd6 Nf5 24. Qg5 Ne4+ 25. Be3 Nxe3 26. Bxe4 Ng4+ 27. Kh1 Nf2+ 28. Kg1 Nh3+ 29. Kh1 Qg1+ 30. Rxg1 Nf2# 0-1


[Site "https://www.chess.com"]

[Event "Titled Tuesday Blitz July 4 Late 2023"]
[White "Lalanne, Pablo"]
[Black "Mendez Machado, Andre"]
[WhiteFideId "112151"]
[BlackFideId "6603793"]
[WhiteElo "2430"]
[BlackElo "2267"]
[Result "1-0"]
[Round "9"]
[TimeControl "180+2"]
[Date "2023.07.04"]
[WhiteClock "0:00:22"]
[BlackClock "0:00:00"]
[Board "88"]

1. e4 e5 2. Nf3 Nc6 3. Bb5 a6 4. Ba4 Nf6 5. O-O b5 6. Bb3 Bb7 7. d3 Bc5 8. c3 O-O 9. Re1 d5 10. exd5 Nxd5 11. Bg5 Qd6 12. Nbd2 f5 13. c4 bxc4 14. Nxc4 Qg6 15. Ncxe5 Nxe5 16. Rxe5 c6 17. Rc1 Bd6 18. Re1 Kh8 19. d4 h6 20. Bd2 f4 21. Bc2 Qg4 22. h3 Qd7 23. Qe2 Rae8 24. Qd3 Nf6 25. Bc3 Bc7 26. d5 Qxd5 27. Qg6 Qf7 28. Rxe8 Qxe8 29. Qd3 Qd8 30. Qc4 Qd5 31. Qb4 1-0


[Site "https://www.chess.com"]

[Event "Titled Tuesday Blitz July 4 Late 2023"]
[White "Mikhalsky, Vladimir"]
[Black "Curtis, John"]
[WhiteFideId "14144352"]
[BlackFideId "3200256"]
[WhiteElo "2424"]
[BlackElo "2143"]
[Result "1/2-1/2"]
[Round "9"]
[TimeControl "180+2"]
[Date "2023.07.04"]
[WhiteClock "0:00:17"]
[BlackClock "0:02:15"]
[Board "89"]

1. e4 e5 2. Nf3 Nc6 3. Bb5 Nf6 4. O-O Be7 5. d4 Nxe4 6. Re1 Nd6 7. Bxc6 dxc6 8. dxe5 Nf5 9. Qxd8+ Bxd8 10. g4 Ne7 11. h3 h5 12. Nh2 Ng6 13. f4 hxg4 14. hxg4 Rh4 15. f5 Ne7 16. Nc3 1/2-1/2


[Site "https://www.chess.com"]

[Event "Titled Tuesday Blitz July 4 Late 2023"]
[White "Sailer, Mike"]
[Black "Kielinkei"]
[WhiteFideId "2012901"]
[WhiteElo "2156"]
[BlackElo "2422"]
[Result "0-1"]
[Round "9"]
[TimeControl "180+2"]
[Date "2023.07.04"]
[WhiteClock "0:00:00"]
[BlackClock "0:00:11"]
[Board "90"]

1. d4 Nf6 2. Nc3 d5 3. Bf4 c5 4. e4 Nxe4 5. Nxe4 dxe4 6. dxc5 Qa5+ 7. c3 Qxc5 8. Qa4+ Nc6 9. Qxe4 g6 10. Be3 Qa5 11. Nf3 Bf5 12. Qf4 Bg7 13. Bc4 O-O 14. O-O Rac8 15. Bb3 Ne5 16. Nxe5 Bxe5 17. Qh4 Qc7 18. Rad1 b6 19. Rd2 Rfd8 20. Rfd1 Rxd2 21. Rxd2 Rd8 22. g3 Rxd2 23. Bxd2 Bf6 24. Qc4 Qxc4 25. Bxc4 e5 26. f4 e4 27. Kf2 Be7 28. Be3 Kf8 29. Bd4 Bd7 30. Ke3 f5 31. b4 Bd6 32. Bb3 Ke7 33. a4 Be6 34. Bxe6 Kxe6 35. Bg7 Kd5 36. Bf6 Kc4 37. Bg7 a5 38. bxa5 bxa5 39. Bf6 Bc7 40. Bg7 Kb3 41. Kd4 Kxa4 42. c4 Kb3 43. c5 a4 44. c6 a3 45. Be5 a2 46. Bxc7 a1=Q+ 47. Kd5 e3 48. Bb6 e2 49. c7 Qa8+ 50. Kd6 e1=Q 0-1


[Site "https://www.chess.com"]

[Event "Titled Tuesday Blitz July 4 Late 2023"]
[White "Howell, David W L"]
[Black "Zhou, Qiyu"]
[WhiteFideId "410608"]
[BlackFideId "505161"]
[WhiteElo "2997"]
[BlackElo "2349"]
[Result "1-0"]
[Round "9"]
[TimeControl "180+2"]
[Date "2023.07.04"]
[WhiteClock "0:00:55"]
[BlackClock "0:00:03"]
[Board "91"]

1. c4 e5 2. Nf3 Nc6 3. d3 Nf6 4. g3 d5 5. cxd5 Nxd5 6. Bg2 Be7 7. O-O O-O 8. Nc3 Be6 9. Bd2 f6 10. Rc1 Nxc3 11. bxc3 Kh8 12. Qc2 Qd7 13. Be3 Bh3 14. d4 Bxg2 15. Kxg2 exd4 16. cxd4 Rac8 17. Rfd1 Nb4 18. Qb3 b6 19. Bd2 a5 20. a3 Na6 21. e4 Nb8 22. Bf4 b5 23. d5 Bd6 24. Qe3 Na6 25. Rc6 Ra8 26. Nd4 Bc5 27. Qf3 Bxd4 28. Rxd4 b4 29. axb4 axb4 30. h4 Rfb8 31. Rd3 Rb7 32. e5 fxe5 33. Bxe5 Re8 34. Rxa6 1-0


[Site "https://www.chess.com"]

[Event "Titled Tuesday Blitz July 4 Late 2023"]
[White "Grinev, Valeriy"]
[Black "Seletsky, Grigory"]
[WhiteFideId "14117517"]
[BlackFideId "14112191"]
[WhiteElo "2560"]
[BlackElo "2346"]
[Result "0-1"]
[Round "9"]
[TimeControl "180+2"]
[Date "2023.07.04"]
[WhiteClock "0:01:01"]
[BlackClock "0:00:16"]
[Board "92"]

1. Nf3 d5 2. b3 Bf5 3. Bb2 e6 4. g3 h6 5. Bg2 Nf6 6. O-O Bh7 7. h4 Be7 8. d3 O-O 9. a4 c6 10. Nbd2 Nbd7 11. e3 Re8 12. Ne5 Nxe5 13. Bxe5 Nd7 14. Bb2 Bf6 15. Bxf6 Qxf6 16. d4 e5 17. dxe5 Nxe5 18. c4 dxc4 19. Nxc4 Rad8 20. Qc1 Nf3+ 21. Kh1 Be4 22. Ra2 g5 23. Nd2 Rxd2 24. Rxd2 gxh4 25. Rd4 Nxd4 26. exd4 Bxg2+ 27. Kxg2 hxg3 28. fxg3 Qg6 29. Qf4 Re2+ 30. Rf2 Qe4+ 31. Qxe4 Rxe4 32. Rd2 Re3 33. d5 cxd5 34. Rxd5 Rxb3 35. a5 a6 36. Kh3 Kg7 37. Rd6 Rb5 38. Rd7 Kg6 39. Rd6+ f6 40. Rd7 Rxa5 41. Rxb7 Ra1 42. Rb4 a5 43. Rg4+ Kf7 44. Rf4 a4 45. Rb4 a3 46. Rb6 Kg6 47. Rb4 h5 48. Rb5 f5 49. Rb6+ Kg5 50. Rb5 a2 51. Kg2 h4 52. gxh4+ Kg4 53. h5 f4 54. h6 f3+ 55. Kh2 Rh1+ 56. Kxh1 a1=Q+ 57. Kh2 Qa2+ 58. Kh1 Qg2# 0-1


[Site "https://www.chess.com"]